 Dungeon Crawl Stone Soup version 0.32-a0-747-gc8563f6773 (webtiles) character file.

Game seed: 13362824213207209033

343 cforsyth the Chopper (level 6, -1/53 HPs)
             Began as a Mountain Dwarf Cinder Acolyte on Mar 17, 2024.
             Was a High Priest of Ignis.
             Killed by divine providence
             ... invoked by an orc priest
              (17 damage)
             ... on level 4 of the Dungeon.
             The game lasted 00:06:23 (4402 turns).

cforsyth the Chopper (MDCA)                         Turns: 4402, Time: 00:06:23

Health: -1/53      AC:  9    Str: 18    XL:     6   Next: 31%
Magic:  4/9        EV: 10    Int: 15    God:    Ignis [*****.]
Gold:   263        SH:  0    Dex:  5    Spells: 7/9 levels left

rFire   + . .        a - -1 hand axe (protect)
rCold   . . .        (no shield)
rNeg    . . .        b - +0 robe
rPois   .            (no helmet)
rElec   .            (no cloak)
rCorr   .            (no gloves)
SInv    .            (no boots)
Will    .....        (no amulet)
Stlth   +            (no ring)
HPRegen 0.28/turn    (no ring)
MPRegen 0.11/turn

%: no passive effects
@: under a protective aura
A: runic magic, artefact enchanting
a: Renounce Religion, Fiery Armour, Foxfire Swarm, Rising Flame


You were on level 4 of the Dungeon.
You worshipped Ignis.
Ignis was extremely pleased with you.
You visited 1 branch of the dungeon, and saw 4 of its levels.
You also visited: Sewer.

You collected 263 gold pieces.


Innate Abilities, Weirdness & Mutations

Your spellcasting is much less encumbered by armour.
You can use scrolls of enchantment on lesser artefacts.


   Skills:
 + Level 4.6 Fighting
 + Level 5.1 Axes
 + Level 2.8 Armour
 + Level 2.4 Spellcasting
 + Level 5.0 Fire Magic


You had 7 spell levels left.
You knew the following spells:

 Your Spells              Type           Power      Damage    Failure   Level
X - Scorch                Fire           32%        2d6       4%          2

Your spell library contained the following spells:

 Spells                   Type           Power      Damage    Failure   Level
 Slow                     Hex            4%         N/A       22%         1
 Confusing Touch          Hex            1%         N/A       54%         3
 Vampiric Draining        Necr           1%         2d6       54%         3

Inventory:

Hand Weapons
 a - a -1 hand axe of protection (weapon)
Armour
 b - a +0 robe (worn)
 e - a +0 helmet
Jewellery
 C - a ring of ice
Wands
 c - a wand of charming (14)
Scrolls
 d - 2 scrolls of fog
 f - a scroll of enchant armour
 g - 2 scrolls of identify {@r1}
 i - 2 scrolls of revelation
 j - 3 scrolls of noise
 l - a scroll of blinking
Potions
 h - 6 potions of enlightenment
 k - a potion of curing {@q1}

Dungeon Overview and Level Annotations

Branches:
Dungeon (4/15)              Sewer (visited)
 Temple: D:4-7

Altars:
Gozag

Shops:
D:2

=( #.# #.# #......... #.#
#........ #.# .....$. #.#
#..... #.# #...o
#.############# ...#
#.#....#......########.#####.#
................@oSoo...))...#
..#....#......########..####.#
..#....#......# ##.#
..#....#......# ..o.
..#....######## .#... ..#....#
.. #.#.. ..###### .. .# . ###
... ).


You could see an orc priest, 2 orcs and a ball python.


Message History

Pain shoots through your body!
You barely miss the orc priest.
The orc priest is heavily wounded.
The orc priest invokes the aid of Beogh against you.
You struggle to resist.
You hit the orc priest.
The orc priest is severely wounded.
The orc priest hits you with a +0 falchion!
* * * LOW HITPOINT WARNING * * *
You hit the orc priest.
The orc priest is almost dead.
The orc priest hits you but does no damage.
You barely miss the orc priest.
The orc priest is almost dead.
The orc priest hits you but does no damage.
You hit the orc priest but do no damage.
The orc priest is almost dead.
The orc priest hits you with a +0 falchion.
* * * LOW HITPOINT WARNING * * *
Unknown command.
You completely miss the orc priest.
The orc priest is almost dead.
The orc priest hits you with a +0 falchion.
* * * LOW HITPOINT WARNING * * *
You barely miss the orc priest.
The orc priest is almost dead.
The orc priest calls down the wrath of Beogh upon you.
Beogh smites you!
You die...
Ignis goes out, and joins you in death.

Skill      XL: |  1  2  3  4  5  6 |
---------------+-------------------+-----
Armour         | 1 2 |  2.8
Axes           | 4 5 |  5.1
Fire Magic     | 4 5 |  5.0
Fighting       | 4 |  4.6
Spellcasting   | 2 |  2.4

Action                     |  1- 3 |  4- 6 || total
---------------------------+-------+-------++-------
  Melee: Hand axe          |    59 |    68 ||   127
   Cast: Scorch            |     9 |    80 ||    89
  Evoke: Wand              |       |     2 ||     2
    Use: Scroll            |       |    10 ||    10
         Potion            |       |     1 ||     1
 Armour: Robe              |    29 |    92 ||   121
  Dodge: Dodged            |    36 |    55 ||    91

Levels and vault maps discovered:
D:1:      wheals_arrival_shading, layout_rooms, minmay_misc_feat_ornament
D:2:      layout_loops_ring, basic_altar, serial_shops,
          nicolae_shop_bloodbath_and_beyond, minivault_4,
          nicolae_shop_unique_rings, uniq_jessica, uniq_natasha
D:3:      layout_loops_corners, mainiacjoe_sewer_entry_somewhere_in_here_2
D:4:      layout_basic, gammafunk_temple_overflow_elements, grunt_gozag_statues,
          minmay_temple_entry_grid, kennysheep_generic_room_12

Notes
Turn   | Place    | Note
-------+----------+-------------------------------------------
     0 | D:1      | cforsyth the Mountain Dwarf Cinder Acolyte began the quest
                  | for the Orb.
     0 | D:1      | Reached XP level 1. HP: 19/19 MP: 2/2
    94 | D:1      | Reached XP level 2. HP: 26/26 MP: 3/3
   449 | D:1      | Reached skill level 1 in Armour
   553 | D:2      | Found Maoboety's Weapon Emporium.
   582 | D:2      | Reached XP level 3. HP: 31/31 MP: 3/5
   585 | D:2      | Learned a level 2 spell: Scorch
   610 | D:2      | Found an opulent altar of Gozag.
   669 | D:2      | Reached skill level 4 in Axes
   669 | D:2      | Reached skill level 4 in Fire Magic
   891 | D:2      | Noticed Jessica
   951 | D:2      | Killed Jessica
   952 | D:2      | Reached XP level 4. HP: 40/40 MP: 1/6
  1082 | D:2      | Noticed Natasha
  1107 | D:2      | Killed Natasha
  1108 | D:2      | Reached skill level 4 in Fighting
  1108 | D:2      | Reached skill level 2 in Armour
  1320 | D:2      | Noticed Natasha
  1325 | D:2      | Killed Natasha
  1326 | D:2      | Reached XP level 5. HP: 46/46 MP: 2/7
  1328 | D:2      | Reached skill level 2 in Spellcasting
  1467 | D:2      | Noticed Natasha
  1475 | D:2      | Killed Natasha
  1648 | D:2      | Found Omatieg's One-of-a-Kind Rings.
  2005 | D:3      | Found a glowing drain.
  2009 | Sewer    | Entered a sewer
  2407 | Sewer    | Identified a potion of resistance
  2407 | Sewer    | HP: 4/46 [river rat (3)]
  2408 | Sewer    | HP: 1/46 [river rat (3)]
  2729 | Sewer    | Reached XP level 6. HP: 49/53 MP: 1/9
  2899 | Sewer    | Reached skill level 5 in Axes
  4380 | D:4      | Reached skill level 5 in Fire Magic
  4402 | D:4      | Killed from afar by an orc priest

Vanquished Creatures
  A jelly (D:2)
  Jessica (D:2)
  Natasha (thrice) (D:2)
  An orc wizard (D:4)
  6 adders
  2 river rats (Sewer)
  2 ribbon worms
  4 dart slugs
  An orc (D:4)
  8 ball pythons
  15 bats
  5 endoplasms
  3 giant cockroaches
  6 goblins
  3 hobgoblins
  9 jackals
  5 kobolds
  8 quokkas
  6 frilled lizards
  10 rats
99 creatures vanquished.

Vanquished Creatures (collateral kills)
  A river rat (Sewer)
1 creature vanquished.

Grand Total: 100 creatures vanquished

Table legend: (Time is in decaauts)
 A = Elapsed time spent in this place.
 B = Non-inter-level travel time spent in this place.
 C = Inter-level travel time spent in this place.
 D = Time resting spent in this place.
 E = Time spent auto-exploring this place.
 F = Levels seen in this place.
 G = Mean time per level.
                   A        B        C        D        E       F      G
               +--------+--------+--------+--------+--------+-----+--------+
         Total |   4646 |   4611 |     35 |    193 |   3616 |   5 |  929.2 |
       Dungeon |   3243 |   3208 |     35 |    103 |   2563 |   4 |  810.8 |
         Sewer |   1403 |   1403 |      0 |     90 |   1052 |   1 | 1403.0 |
               +--------+--------+--------+--------+--------+-----+--------+

Top non-repeatable levels by time:
   Sewer: 1403 daAuts
     D:2: 1259 daAuts
     D:3: 1181 daAuts
     D:1: 628 daAuts
     D:4: 174 daAuts

Table legend:
 A = Non-vault XP
 B = Vault XP
 C = Vault XP percentage of total XP
 D = Non-vault monster count
 E = Vault monster count
 F = Vault count percentage of total count
                 A         B        C        D         E       F
            +---------+---------+-------+---------+---------+-------
      Total |     286 |     204 |  41.6 |      65 |      35 |  35.0
            +---------+---------+-------+---------+---------+-------
        D:1 |      34 |       0 |   0.0 |      19 |       0 |   0.0
        D:2 |     167 |      72 |  30.1 |      26 |       2 |   7.1
        D:3 |      41 |      10 |  19.6 |      16 |       7 |  30.4
        D:4 |      44 |       0 |   0.0 |       4 |       0 |   0.0
      Sewer |       0 |     122 | 100.0 |       0 |      26 | 100.0
            +---------+---------+-------+---------+---------+-------
